 Dungeon Crawl Stone Soup version 0.21-a0-380-gd65dc97 (webtiles) character file.

26 grizmgrazm2 the Sneak (level 2, 0/19 HPs)
             Began as a Vampire Enchanter on Oct 17, 2017.
             Hit by a javelin thrown by a hobgoblin (10 damage)
             ... on level 2 of the Dungeon.
             The game lasted 00:03:24 (1380 turns).

grizmgrazm2 the Sneak (Vampire Enchanter)           Turns: 1380, Time: 00:03:25

Health: 0/19       AC:  4    Str:  7    XL:     2   Next: 89%
Magic:  4/5        EV: 13    Int: 17    God:
Gold:   52         SH:  0    Dex: 14    Spells: 4/5 levels left

rFire    . . .     SeeInvis +   h - +3 dagger (venom)
rCold    . . .     Gourm    .   (no shield)
rNeg     + . .     Faith    .   b - +0 robe
rPois    .         Spirit   .   k - +0 helmet
rElec    .         Reflect  .   (no cloak)
rCorr    .         Harm     .   (no gloves)
MR       .....                  a - +0 pair of boots
Stlth    +++.......             (no amulet)
HPRegen  0.06/turn              e - +6 ring of slaying
MPRegen  0.09/turn              (no ring)

@: no status effects
A: fangs 3, see invisible, unbreathing
a: no special abilities


You were on level 2 of the Dungeon.
You were not thirsty.

You visited 1 branch of the dungeon, and saw 2 of its levels.

You collected 52 gold pieces.

Inventory:

Hand Weapons
 h - a +3 dagger of venom (weapon)
Armour
 a - a +0 pair of boots (worn)
 b - a +0 robe (worn)
 k - a +0 helmet (worn)
Jewellery
 e - a +6 ring of slaying (left hand)
 i - an uncursed amulet of guardian spirit {unknown}
Scrolls
 f - a scroll of random uselessness {unknown}
 j - a scroll of identify
Potions
 g - a potion of heal wounds {unknown}
Books
 c - a book of Maledictions

   Spells                             Type                      Level
   a - Corona                         Hexes                        1
   b - Ensorcelled Hibernation        Hexes/Ice                    2
   c - Confuse                        Hexes                        3
   d - Tukima's Dance                 Hexes                        3
   e - Dazzling Spray                 Conjuration/Hexes            3


   Skills:
 + Level 1.2 Short Blades
 + Level 2.3 Dodging
 + Level 5.6 Stealth
 + Level 2.1 Spellcasting
 + Level 4.7 Hexes


You had 4 spell levels left.
You knew the following spells:

 Your Spells              Type           Power        Failure   Level  Hunger
a - Corona                Hex            ###....      2%          1    #......


Dungeon Overview and Level Annotations

Branches:
Dungeon (2/15)

Altars:
Nemelex Xobeh


Innate Abilities, Weirdness & Mutations

You have razor-sharp teeth.
You have supernaturally acute eyesight. (SInv)
You can survive without breathing.


Message History

HP restored.
You start waiting.
A hobgoblin comes into view. It is wielding a club.
A hobgoblin is nearby!
Casting: Corona
Confirm with . or Enter, or press ? or * to list all spells.
Aiming: Corona
Press: ? - help, Shift-Dir - straight line, f - hobgoblin
Aim: a hobgoblin, wielding a club (hasn't noticed you, chance to defeat MR: 71%)
The hobgoblin shouts!
The hobgoblin is outlined in light.
The hobgoblin drinks a potion.
The hobgoblin suddenly seems more agile.
The hobgoblin throws a javelin.
The javelin hits you!
Items here: ( )) รท a javelin; a dagger; a club; a goblin skeleton The hobgoblin throws a javelin.
The javelin barely misses you.
You see here a javelin.
The hobgoblin throws a javelin.
The javelin hits you!
Ouch! That really hurt!
You die...

###.#.........#
#.
#......#'#....#
#.
#.#.#..#.#....#
#. ..... ...#
#.#.#.##.#.#....#
#. ..... #..#
#.#.#.##.#.#....#
#. .....###..#
#.#.#....#.#....#
#. ..........#
#.#(####.#.#....#
#.
..........###.#(#
..#.#..... #.
.....$........#@#
###+# #.
.........#.##.#.#
#.
...........J..g.#
##
....#####.#.#.###
. ........#
#.........#
#.........#
#.........#
#.........#


You could see a hobgoblin.

Vanquished Creatures
  An ooze (D:2)
  7 bats (D:1)
  3 goblins
  4 hobgoblins
  2 kobolds (D:1)
  A ball python (D:1)
  A frilled lizard (D:2)
  A rat (D:1)
20 creatures vanquished.

Notes
Turn   | Place    | Note
-------+----------+-------------------------------------------
     0 | D:1      | grizmgrazm2 the Vampire Enchanter began the quest for the Orb.
     0 | D:1      | Reached XP level 1. HP: 13/13 MP: 3/3
   327 | D:1      | Reached skill level 5 in Stealth
   327 | D:1      | Reached XP level 2. HP: 19/19 MP: 5/5
   823 | D:1      | Found a sparkling altar of Nemelex Xobeh.
  1380 | D:2      | Hit by a javelin thrown by a hobgoblin

Vault maps used:
D:1:      dpeg_arrival_water_altar
D:2:      marbit_many_paths, uniq_terence

Skill      XL: |  1 |
---------------+----+-----
Stealth        | 5 |  5.6
Short Blades   | |  1.2
Dodging        | |  2.3
Spellcasting   | |  2.1
Hexes          | |  4.7

Action                   || total
-------------------------++-------
Melee: Dagger            ||    37
       Bite              ||     1
 Cast: Corona            ||     6
  Use: Scroll            ||     3
       Potion            ||     1
 Stab: Sleeping          ||    10
Armor: Robe              ||     6
Dodge: Dodged            ||    14

Table legend:
 A = Spawn XP
 B = Non-spawn XP
 C = Spawn XP percentage of total XP
 D = Spawn monster count
 E = Non-spawn monster count
 F = Spawn count percentage of total count
 G = Total turns spent on level
                    A         B        C        D         E        F      G
               +---------+---------+-------+---------+---------+-------+---------
         Total |       0 |      38 |   0.0 |       0 |      20 |   0.0 |  1380
               +---------+---------+-------+---------+---------+-------+---------
           D:1 |       0 |      22 |   0.0 |       0 |      14 |   0.0 |   831
           D:2 |       0 |      16 |   0.0 |       0 |       6 |   0.0 |   549
               +---------+---------+-------+---------+---------+-------+---------
